| TOP OF THE 1ST |
|
Asheville Tourists batting - Pitching for Knoxville Blue Jays : RHP Brian Slagle
|
|
Pitching: RHP Brian Slagle
|
|
|
Batting: RHB Ulises Infante
|
0-0: Ball 1-0: Swinging Strike 1-1: Ball 2-1: Ball 3-1: Ground out 6-3 (Groundball, 6D, EV 83.1 MPH)
|
|
Batting: RHB Wes Robbins
|
0-0: Ground out 5-3 (Groundball, 56S, EV 81.3 MPH)
|
|
Batting: LHB Mike Aldrete
|
0-0: Ball 1-0: Ball 2-0: Ball 3-0: Base on Balls
|
|
Batting: LHB Donald Mazzilli
|
0-0: Ball Mike Aldrete is caught stealing 2nd base 2-6
|
| Top of the 1st over - 0 runs, 0 hits, 0 errors, 0 left on base; Asheville 0 - Knoxville 0 |
| BOTTOM OF THE 1ST |
|
Knoxville Blue Jays batting - Pitching for Asheville Tourists : RHP Stan Webb
|
|
Pitching: RHP Stan Webb
|
|
|
Batting: RHB Jerry Royster
|
0-0: Ground out U3 (Groundball, 34, EV 98.1 MPH)
|
|
Batting: RHB Jose Canseco
|
0-0: Foul Ball, location: 2F 0-1: Fly out, F7 (Flyball, 78S, EV 73.8 MPH)
|
|
Batting: RHB Jason Adams
|
0-0: Called Strike 0-1: Fly out, F8 (Line Drive, 8LM, EV 86.9 MPH)
|
| Bottom of the 1st over - 0 runs, 0 hits, 0 errors, 0 left on base; Asheville 0 - Knoxville 0 |
| TOP OF THE 2ND |
|
Asheville Tourists batting - Pitching for Knoxville Blue Jays : RHP Brian Slagle
|
|
Batting: LHB Donald Mazzilli
|
0-0: Ball 1-0: Called Strike 1-1: Foul Ball, location: 2F 1-2: Foul Ball, location: 2F 1-2: Foul Ball, location: 2F 1-2: Strikes out swinging
|
|
Batting: RHB Gareth Ledbetter
|
0-0: Foul Ball, location: 2F 0-1: Ball 1-1: Foul Ball, location: 2F 1-2: Fly out, F7 (Flyball, 7LS, EV 86.9 MPH)
|
|
Batting: LHB Daniel McInerny
|
0-0: Called Strike 0-1: Ball 1-1: SOLO HOME RUN (Flyball, 9D, EV 102.5 MPH), Distance : 403 ft
|
|
Batting: LHB Steven Morrison
|
0-0: Ball 1-0: Ball 2-0: Called Strike 2-1: Ball 3-1: Base on Balls
|
|
Batting: RHB Jack Ramirez
|
0-0: Ball 1-0: Ball 2-0: Swinging Strike 2-1: Foul Ball, location: 2F 2-2: Strikes out looking
|
| Top of the 2nd over - 1 run, 1 hit, 0 errors, 1 left on base; Asheville 1 - Knoxville 0 |
| BOTTOM OF THE 2ND |
|
Knoxville Blue Jays batting - Pitching for Asheville Tourists : RHP Stan Webb
|
|
Batting: RHB Fritzie Connally
|
0-0: Swinging Strike 0-1: Fly out, F8 (Flyball, 8LXD, EV 104.4 MPH)
|
|
Batting: RHB Brian Asselstine
|
0-0: Called Strike 0-1: Ground out 6-3 (Groundball, 6, EV 85.0 MPH)
|
|
Batting: RHB Alex Villalobos
|
0-0: Called Strike 0-1: Ball 1-1: Called Strike 1-2: Strikes out swinging
|
| Bottom of the 2nd over - 0 runs, 0 hits, 0 errors, 0 left on base; Asheville 1 - Knoxville 0 |
| TOP OF THE 3RD |
|
Asheville Tourists batting - Pitching for Knoxville Blue Jays : RHP Brian Slagle
|
|
Batting: SHB Wayne Simmons
|
0-0: Called Strike 0-1: Ball 1-1: Ball 2-1: Ground out 4-3 (Groundball, 4, EV 105.6 MPH)
|
|
Batting: RHB Ulises Infante
|
0-0: Ball 1-0: Foul Ball, location: 2F 1-1: Foul Ball, location: 2F 1-2: Strikes out looking
|
|
Batting: RHB Wes Robbins
|
0-0: Ball 1-0: Ground out U3 (Groundball, 13, EV 81.9 MPH)
|
| Top of the 3rd over - 0 runs, 0 hits, 0 errors, 0 left on base; Asheville 1 - Knoxville 0 |
| BOTTOM OF THE 3RD |
|
Knoxville Blue Jays batting - Pitching for Asheville Tourists : RHP Stan Webb
|
|
Batting: RHB Eugene Pallavicini
|
0-0: Ball 1-0: Fly out, F8 (Flyball, 78XD, EV 106.3 MPH)
|
|
Batting: RHB Rick Sweet
|
0-0: Swinging Strike 0-1: Ball 1-1: Fly out, F6 (Flyball, 56D, EV 93.1 MPH)
|
|
Batting: RHB Pat Rockett
|
0-0: Called Strike 0-1: Ground out 6-3 (Groundball, 56, EV 81.3 MPH)
|
| Bottom of the 3rd over - 0 runs, 0 hits, 0 errors, 0 left on base; Asheville 1 - Knoxville 0 |
| TOP OF THE 4TH |
|
Asheville Tourists batting - Pitching for Knoxville Blue Jays : RHP Brian Slagle
|
|
Batting: LHB Mike Aldrete
|
0-0: Ball 1-0: Ball 2-0: Ball 3-0: Called Strike 3-1: Base on Balls
|
|
Batting: LHB Donald Mazzilli
|
0-0: Ball 1-0: Ball 2-0: Foul Ball, location: 2F 2-1: Foul Ball, location: 2F 2-2: Strikes out swinging
|
|
Batting: RHB Gareth Ledbetter
|
0-0: Ground out 4-3 (Groundball, 34D, EV 99.4 MPH) Mike Aldrete to second
|
|
Batting: LHB Daniel McInerny
|
0-0: Ball 1-0: Called Strike 1-1: Ball 2-1: Ball 3-1: Base on Balls
|
|
Batting: LHB Steven Morrison
|
0-0: Called Strike 0-1: Ball 1-1: Foul Ball, location: 2F 1-2: Ground out 3-1 (Groundball, 34S, EV 80.0 MPH)
|
| Top of the 4th over - 0 runs, 0 hits, 0 errors, 2 left on base; Asheville 1 - Knoxville 0 |
| BOTTOM OF THE 4TH |
|
Knoxville Blue Jays batting - Pitching for Asheville Tourists : RHP Stan Webb
|
|
Batting: RHB Jerry Royster
|
0-0: Ground out 5-3 (Groundball, 56S, EV 89.4 MPH)
|
|
Batting: RHB Jose Canseco
|
0-0: Foul Ball, location: 2F 0-1: Ball 1-1: Foul Ball, location: 2F 1-2: Ball 2-2: Fly out, F6 (Popup, 6MD, EV 70.6 MPH)
|
|
Batting: RHB Jason Adams
|
0-0: Fly out, F8 (Flyball, 8LXD, EV 102.5 MPH)
|
| Bottom of the 4th over - 0 runs, 0 hits, 0 errors, 0 left on base; Asheville 1 - Knoxville 0 |
| TOP OF THE 5TH |
|
Asheville Tourists batting - Pitching for Knoxville Blue Jays : RHP Brian Slagle
|
|
Batting: RHB Jack Ramirez
|
0-0: Called Strike 0-1: Swinging Strike 0-2: Strikes out swinging
|
|
Batting: SHB Wayne Simmons
|
0-0: Ball 1-0: Ground out 4-3 (Groundball, 4S, EV 70.0 MPH)
|
|
Batting: RHB Ulises Infante
|
0-0: Fly out, F9 (Flyball, 89M, EV 91.9 MPH)
|
| Top of the 5th over - 0 runs, 0 hits, 0 errors, 0 left on base; Asheville 1 - Knoxville 0 |
| BOTTOM OF THE 5TH |
|
Knoxville Blue Jays batting - Pitching for Asheville Tourists : RHP Stan Webb
|
|
Batting: RHB Fritzie Connally
|
0-0: Ball 1-0: Ball 2-0: Called Strike 2-1: Foul Ball, location: 2F 2-2: SOLO HOME RUN (Flyball, 9D, EV 105.6 MPH), Distance : 383 ft
|
|
Batting: RHB Brian Asselstine
|
0-0: Called Strike 0-1: Ball 1-1: Foul Ball, location: 2F 1-2: SOLO HOME RUN (Flyball, 7LD, EV 105.0 MPH), Distance : 380 ft
|
|
Batting: RHB Alex Villalobos
|
0-0: Ball 1-0: SINGLE (Line Drive, 4M, EV 102.5 MPH)
|
|
Batting: RHB Eugene Pallavicini
|
0-0: Ball Alex Villalobos is caught stealing 2nd base 2-4 1-0: Ball 2-0: Ground out 6-3 (Groundball, 56D, EV 100.0 MPH)
|
|
Batting: RHB Rick Sweet
|
0-0: Foul Ball, location: 2F 0-1: SINGLE (Line Drive, 89M, EV 96.9 MPH)
|
|
Batting: RHB Pat Rockett
|
0-0: Called Strike 0-1: Fly out, F8 (Line Drive, 8LM, EV 88.8 MPH)
|
| Bottom of the 5th over - 2 runs, 4 hits, 0 errors, 1 left on base; Asheville 1 - Knoxville 2 |
| TOP OF THE 6TH |
|
Asheville Tourists batting - Pitching for Knoxville Blue Jays : RHP Brian Slagle
|
|
Batting: RHB Wes Robbins
|
0-0: Ball 1-0: Swinging Strike 1-1: Foul Ball, location: 2F 1-2: Ball 2-2: Foul Ball, location: 2F 2-2: Ball 3-2: Foul Ball, location: 2F 3-2: Base on Balls
|
|
Batting: LHB Mike Aldrete
|
0-0: Ball 1-0: Called Strike 1-1: Ball 2-1: Ball 3-1: Base on Balls Wes Robbins to second
|
|
Batting: LHB Donald Mazzilli
|
0-0: Called Strike 0-1: SINGLE (Line Drive, 89M, EV 96.3 MPH) Wes Robbins to third Mike Aldrete to second
|
|
Batting: RHB Gareth Ledbetter
|
0-0: Foul Ball, location: 2F 0-1: Foul Ball, location: 2F 0-2: Strikes out swinging
|
|
Batting: LHB Daniel McInerny
|
0-0: Called Strike 0-1: Ball 1-1: Swinging Strike 1-2: Strikes out swinging
|
|
Batting: LHB Steven Morrison
|
0-0: Called Strike 0-1: Called Strike 0-2: Foul Ball, location: 2F 0-2: Foul Ball, location: 2F 0-2: Foul Ball, location: 2F 0-2: Fly out, F6 (Line Drive, 6, EV 75.6 MPH)
|
| Top of the 6th over - 0 runs, 1 hit, 0 errors, 3 left on base; Asheville 1 - Knoxville 2 |
| BOTTOM OF THE 6TH |
|
Knoxville Blue Jays batting - Pitching for Asheville Tourists : RHP Stan Webb
|
|
Batting: RHB Jerry Royster
|
0-0: Ball 1-0: Foul Ball, location: 2F 1-1: Ball 2-1: Ground out 5-3 (Groundball, 56S, EV 89.4 MPH)
|
|
Batting: RHB Jose Canseco
|
0-0: Ball 1-0: Ball 2-0: Foul Ball, location: 2F 2-1: Foul Ball, location: 2F 2-2: Ball 3-2: Strikes out swinging
|
|
Batting: RHB Jason Adams
|
0-0: Fly out, F8 (Flyball, 78M, EV 91.9 MPH)
|
| Bottom of the 6th over - 0 runs, 0 hits, 0 errors, 0 left on base; Asheville 1 - Knoxville 2 |
| TOP OF THE 7TH |
|
Asheville Tourists batting - Pitching for Knoxville Blue Jays : RHP Brian Slagle
|
|
Batting: RHB Jack Ramirez
|
0-0: Ball 1-0: Swinging Strike 1-1: SOLO HOME RUN (Flyball, 89XD, EV 106.9 MPH), Distance : 438 ft
|
|
Batting: SHB Wayne Simmons
|
0-0: Called Strike 0-1: Foul Ball, location: 2F 0-2: Ball 1-2: Foul Ball, location: 2F 1-2: Strikes out looking
|
|
Batting: RHB Ulises Infante
|
0-0: Ball 1-0: Called Strike 1-1: Fly out, F9 (Flyball, 9LS, EV 82.5 MPH)
|
|
Batting: RHB Wes Robbins
|
0-0: Called Strike 0-1: Ball 1-1: Ball 2-1: Ground out 6-3 (Groundball, 6S, EV 63.8 MPH)
|
| Top of the 7th over - 1 run, 1 hit, 0 errors, 0 left on base; Asheville 2 - Knoxville 2 |
| BOTTOM OF THE 7TH |
|
Knoxville Blue Jays batting - Pitching for Asheville Tourists : RHP Stan Webb
|
|
Batting: RHB Fritzie Connally
|
0-0: Ball 1-0: Ball 2-0: Foul Ball, location: 2F 2-1: Foul Ball, location: 2F 2-2: Fly out, F8 (Flyball, 8LS, EV 91.9 MPH)
|
|
Batting: RHB Brian Asselstine
|
0-0: Called Strike 0-1: Foul Ball, location: 2F 0-2: Strikes out looking
|
|
Batting: RHB Alex Villalobos
|
0-0: Ball 1-0: Fly out, F8 (Flyball, 8LM, EV 83.1 MPH)
|
| Bottom of the 7th over - 0 runs, 0 hits, 0 errors, 0 left on base; Asheville 2 - Knoxville 2 |
| TOP OF THE 8TH |
|
Asheville Tourists batting - Pitching for Knoxville Blue Jays : RHP Brian Slagle
|
|
Batting: LHB Mike Aldrete
|
0-0: Swinging Strike 0-1: Ball 1-1: Foul Ball, location: 2F 1-2: Foul Ball, location: 2F 1-2: Ball 2-2: Strikes out swinging
|
|
Batting: LHB Donald Mazzilli
|
0-0: Ground out 4-3 (Groundball, 4, EV 100.0 MPH)
|
|
Batting: RHB Gareth Ledbetter
|
0-0: Foul Ball, location: 2F 0-1: Ball 1-1: Foul Ball, location: 2F 1-2: Ball 2-2: Foul Ball, location: 2F 2-2: Foul Ball, location: 2F 2-2: Strikes out swinging
|
| Top of the 8th over - 0 runs, 0 hits, 0 errors, 0 left on base; Asheville 2 - Knoxville 2 |
| BOTTOM OF THE 8TH |
|
Knoxville Blue Jays batting - Pitching for Asheville Tourists : RHP Stan Webb
|
|
Batting: RHB Eugene Pallavicini
|
0-0: Ball 1-0: Ball 2-0: Foul Ball, location: 2F 2-1: Called Strike 2-2: Foul Ball, location: 2F 2-2: Ball 3-2: Ground out 6-3 (Groundball, 56, EV 105.0 MPH)
|
|
Batting: RHB Rick Sweet
|
0-0: Ball 1-0: Foul Ball, location: 2F 1-1: Foul Ball, location: 2F 1-2: Foul Ball, location: 2F 1-2: Fly out, F8 (Line Drive, 8RD, EV 105.0 MPH)
|
|
Batting: RHB Pat Rockett
|
0-0: Ball 1-0: Foul Ball, location: 2F 1-1: Swinging Strike 1-2: Ball 2-2: Fly out, F3 (Flyball, 3D, EV 90.6 MPH)
|
| Bottom of the 8th over - 0 runs, 0 hits, 0 errors, 0 left on base; Asheville 2 - Knoxville 2 |
| TOP OF THE 9TH |
|
Asheville Tourists batting - Pitching for Knoxville Blue Jays : RHP Brian Slagle
|
|
Pitching: LHP Jeff Haines
|
|
|
Pinch Hitting: RHB Mike Garcia
|
0-0: Called Strike 0-1: Ground out 4-3 (Groundball, 4S, EV 86.3 MPH)
|
|
Batting: LHB Steven Morrison
|
0-0: Ground out 3-1 (Groundball, 34S, EV 90.0 MPH)
|
|
Batting: RHB Jack Ramirez
|
0-0: Called Strike 0-1: Called Strike 0-2: Strikes out looking
|
| Top of the 9th over - 0 runs, 0 hits, 0 errors, 0 left on base; Asheville 2 - Knoxville 2 |
| BOTTOM OF THE 9TH |
|
Knoxville Blue Jays batting - Pitching for Asheville Tourists : RHP Stan Webb
|
|
Now in LF: Darius Copley
|
|
|
Pinch Hitting: LHB Joe Bivins
|
0-0: Called Strike 0-1: Ball 1-1: Ball 2-1: Foul Ball, location: 2F 2-2: Fly out, F7 (Flyball, 78M, EV 96.3 MPH)
|
|
Batting: RHB Jose Canseco
|
0-0: Foul Ball, location: 2F 0-1: Ball 1-1: Called Strike 1-2: Ball 2-2: Ground out 6-3 (Groundball, 6, EV 79.4 MPH)
|
|
Batting: RHB Jason Adams
|
0-0: Called Strike 0-1: Fly out, F8 (Flyball, 8RS, EV 84.4 MPH)
|
| Bottom of the 9th over - 0 runs, 0 hits, 0 errors, 0 left on base; Asheville 2 - Knoxville 2 |
| TOP OF THE 10TH |
|
Asheville Tourists batting - Pitching for Knoxville Blue Jays : LHP Jeff Haines
|
|
Now at 1B: Joe Bivins
|
|
|
Batting: SHB Wayne Simmons
|
0-0: Ball 1-0: Ball 2-0: Foul Ball, location: 2F 2-1: Foul Ball, location: 2F 2-2: Strikes out swinging
|
|
Batting: RHB Ulises Infante
|
0-0: Called Strike 0-1: Foul Ball, location: 2F 0-2: Strikes out swinging
|
|
Batting: RHB Wes Robbins
|
0-0: SINGLE (Groundball, 6MS, EV 70.0 MPH) (infield hit)
|
|
Batting: LHB Mike Aldrete
|
0-0: Called Strike 0-1: Foul Ball, location: 2F 0-2: Ball 1-2: Ball 2-2: Foul Ball, location: 2F 2-2: Ball 3-2: Base on Balls Wes Robbins to second
|
|
Batting: LHB Donald Mazzilli
|
0-0: Ball 1-0: Foul Ball, location: 2F 1-1: Foul Ball, location: 2F 1-2: Ball 2-2: Foul Ball, location: 2F 2-2: Foul Ball, location: 2F 2-2: Ground out U3 (Groundball, 3S, EV 92.5 MPH)
|
| Top of the 10th over - 0 runs, 1 hit, 0 errors, 2 left on base; Asheville 2 - Knoxville 2 |
| BOTTOM OF THE 10TH |
|
Knoxville Blue Jays batting - Pitching for Asheville Tourists : RHP Stan Webb
|
|
Pitching: RHP Moises Rangel
|
|
|
Batting: RHB Fritzie Connally
|
0-0: Ball 1-0: Swinging Strike 1-1: Fly out, F9 (Line Drive, 9, EV 88.1 MPH)
|
|
Batting: RHB Brian Asselstine
|
0-0: Ball 1-0: Fly out, F7 (Flyball, 7S, EV 83.1 MPH)
|
|
Batting: RHB Alex Villalobos
|
0-0: Called Strike 0-1: Ball 1-1: Foul Ball, location: 2F 1-2: Fly out, F8 (Flyball, 8RD, EV 82.5 MPH)
|
| Bottom of the 10th over - 0 runs, 0 hits, 0 errors, 0 left on base; Asheville 2 - Knoxville 2 |
| TOP OF THE 11TH |
|
Asheville Tourists batting - Pitching for Knoxville Blue Jays : LHP Jeff Haines
|
|
Batting: RHB Gareth Ledbetter
|
0-0: Swinging Strike 0-1: Swinging Strike 0-2: Strikes out looking
|
|
Batting: SHB Darius Copley
|
0-0: Fly out, F5 (Popup, 56S, EV 78.8 MPH)
|
|
Batting: LHB Steven Morrison
|
0-0: Ball 1-0: Called Strike 1-1: Foul Ball, location: 2F 1-2: Ball 2-2: Ground out 3-1 (Groundball, 34, EV 77.5 MPH)
|
| Top of the 11th over - 0 runs, 0 hits, 0 errors, 0 left on base; Asheville 2 - Knoxville 2 |
| BOTTOM OF THE 11TH |
|
Knoxville Blue Jays batting - Pitching for Asheville Tourists : RHP Moises Rangel
|
|
Batting: RHB Eugene Pallavicini
|
0-0: Swinging Strike 0-1: Foul Ball, location: 2F 0-2: Ball 1-2: Ball 2-2: Ground out 6-3 (Groundball, 6, EV 91.3 MPH)
|
|
Batting: RHB Rick Sweet
|
0-0: Ball 1-0: Foul Ball, location: 2F 1-1: Foul Ball, location: 2F 1-2: Strikes out swinging
|
|
Pinch Hitting: RHB Hank Small
|
0-0: Ball 1-0: SINGLE (Groundball, 5S, EV 68.8 MPH) (infield hit)
|
|
Batting: LHB Joe Bivins
|
0-0: Fly out, F9 (Flyball, 9D, EV 95.0 MPH)
|
| Bottom of the 11th over - 0 runs, 1 hit, 0 errors, 1 left on base; Asheville 2 - Knoxville 2 |
| TOP OF THE 12TH |
|
Asheville Tourists batting - Pitching for Knoxville Blue Jays : LHP Jeff Haines
|
|
Now at SS: Alex Taveras
|
|
|
Batting: RHB Jack Ramirez
|
0-0: SINGLE (Groundball, 56, EV 97.5 MPH)
|
|
Batting: SHB Wayne Simmons
|
0-0: Called Strike 0-1: Bunted foul 0-2: Ball 1-2: Ball 2-2: Fly out, F9 (Flyball, 9LS, EV 93.1 MPH)
|
|
Batting: RHB Ulises Infante
|
0-0: Called Strike 0-1: SINGLE (Line Drive, 8LS, EV 93.8 MPH) Jack Ramirez to second Runner from 2nd tries for 3rd, SAFE, no throw by CF
|
|
Batting: RHB Wes Robbins
|
0-0: Called Strike 0-1: Ground out 5-3 (Groundball, 5, EV 90.6 MPH) Ulises Infante to second
|
|
Batting: LHB Mike Aldrete
|
0-0: Intentional Walk
|
|
Batting: LHB Donald Mazzilli
|
0-0: Swinging Strike 0-1: Ball 1-1: Swinging Strike 1-2: DOUBLE (Line Drive, 7LM, EV 97.5 MPH) Jack Ramirez scores Ulises Infante scores Mike Aldrete to third Runner from 3rd tries for Home, SAFE, throw by LF to home
|
|
Pitching: LHP Pete Filson
|
|
|
Batting: RHB Gareth Ledbetter
|
0-0: Fly out, F7 (Flyball, 7LM, EV 102.5 MPH)
|
| Top of the 12th over - 3 runs, 3 hits, 0 errors, 1 left on base; Asheville 5 - Knoxville 2 |
| BOTTOM OF THE 12TH |
|
Knoxville Blue Jays batting - Pitching for Asheville Tourists : RHP Moises Rangel
|
|
Batting: RHB Jose Canseco
|
0-0: Ball 1-0: Ball 2-0: Ball 3-0: Called Strike 3-1: Base on Balls
|
|
Batting: RHB Jason Adams
|
0-0: Ball Wild Pitch! Jose Canseco to second 1-0: Called Strike 1-1: Ball 2-1: Foul Ball, location: 2F 2-2: Ball 3-2: Foul Ball, location: 2F 3-2: Foul Ball, location: 2F 3-2: Foul Ball, location: 2F 3-2: Foul Ball, location: 2F 3-2: Base on Balls
|
|
Batting: RHB Fritzie Connally
|
0-0: Ball 1-0: Ball 2-0: Fly out, F3 (Popup, 3F, EV 72.5 MPH)
|
|
Batting: RHB Brian Asselstine
|
0-0: Ball 1-0: Fly out, F8 (Flyball, 8LM, EV 96.9 MPH)
|
|
Batting: RHB Alex Villalobos
|
0-0: Fly out, F9 (Flyball, 9LM, EV 86.3 MPH)
|
| Bottom of the 12th over - 0 runs, 0 hits, 0 errors, 2 left on base; Asheville 5 - Knoxville 2 |
|